 Dungeon Crawl Stone Soup version 0.25.1-2-g60ff931df9 (webtiles) character file.

Game seed: 10143396371622671337

56 H0rd4k the Charlatan (level 4, -2/32 HPs)
             Began as a Human Artificer on Oct 8, 2020.
             Killed by divine providence
             ... invoked by an orc priest
              (12 damage)
             ... on level 3 of the Dungeon.
             The game lasted 00:02:04 (2634 turns).

H0rd4k the Charlatan (Human Artificer)              Turns: 2634, Time: 00:02:05

Health: -2/32      AC:  4    Str: 13    XL:     4   Next: 15%
Magic:  15/15      EV: 12    Int: 11    God:
Gold:   42         SH:  0    Dex: 14    Spells: 3/3 levels left

rFire    . . .     SeeInvis .   r - +0 spear (venom)
rCold    . . .     Gourm    .   (no shield)
rNeg     . . .     Faith    .   b - +0 leather armour
rPois    .         Spirit   .   p - +0 helmet
rElec    .         Reflect  .   (no cloak)
rCorr    .         Harm     .   (no gloves)
MR       .....                  (no boots)
Stlth    +.........             (no amulet)
HPRegen  0.10/turn              n - ring of magical power
MPRegen  0.14/turn              (no ring)

@: no status effects
A: no striking features
a: no special abilities


You were on level 3 of the Dungeon.
You were hungry.

You visited 1 branch of the dungeon, and saw 3 of its levels.

You collected 42 gold pieces.

Inventory:

Hand Weapons
 a - a +0 short sword
 r - a +0 spear of venom (weapon)
Armour
 b - a +0 leather armour (worn)
 p - a +0 helmet (worn)
Jewellery
 n - a ring of magical power (left hand)
Wands
 c - a wand of flame (11)
 d - a wand of enslavement (15)
 e - a wand of random effects (15)
Scrolls
 g - 2 scrolls of teleportation {unknown}
 i - a scroll of amnesia {unknown}
 j - 2 scrolls of remove curse {unknown}
 k - 5 scrolls of identify {unknown}
 l - a scroll of immolation {unknown}
 q - 2 scrolls of enchant armour {unknown}
Potions
 h - a potion of degeneration {unknown}
 m - a potion of curing {unknown}
 o - 2 potions of stabbing {unknown}
Comestibles
 f - 5 rations


   Skills:
 + Level 1.3 Fighting
 + Level 2.3 Short Blades
 + Level 1.1 Armour
 + Level 2.3 Dodging
 + Level 1.1 Stealth
 + Level 3.3 Evocations


You had 3 spell levels left.
You didn't know any spells.
Your spell library was empty.

Dungeon Overview and Level Annotations

Branches:
Dungeon (3/15)

Altars:


Message History

You hit the orc but do no damage.
The orc is moderately wounded.
The orc hits you but does no damage.
You hit the orc.
You kill the orc!
You see here a +0 ring mail.
You start resting.
All of the chunks of flesh in your inventory have rotted away.
You are feeling hungry.
There is a stone staircase leading down, spattered with blood here.
You climb downwards.
The orc hits you with a +0 flail! The orc closely misses you.
The orc hits you but does no damage. The orc hits you with a +0 hand axe.
The orc hits you. The orc closely misses you. The orc misses you.
There is a stone staircase leading up, spattered with blood here.
You are too injured to fight recklessly!
The orc hits you but does no damage. x2
The orc priest mumbles some strange prayers to Beogh against you.
Beogh smites you!
You die...

#.....#.#....#.# .
#.....#.#....#.#..
#..o..#.# ...#.#..
#.....#.# #.......
#.....#.# #.......
#.....#.###.......
#.....#...........
#.o...#####.......
#@o.......#.......
#oo.......#.......
#.........#.......
#####.............
#.............
#####....#####
######


You could see an orc priest and 4 orcs.

Vanquished Creatures
  An adder (D:3)
  2 worms
  A leopard gecko (D:1)
  An orc (D:2)
  2 giant cockroaches (D:1)
  A goblin (D:2)
  9 hobgoblins
  5 bats
  5 frilled lizards
  5 kobolds
  7 rats
39 creatures vanquished.

Notes
Turn   | Place    | Note
-------+----------+-------------------------------------------
     0 | D:1      | H0rd4k the Human Artificer began the quest for the Orb.
     0 | D:1      | Reached XP level 1. HP: 15/15 MP: 3/3
   276 | D:1      | Reached XP level 2. HP: 21/21 MP: 4/4
  1209 | D:2      | Reached XP level 3. HP: 4/26 MP: 5/5
  2279 | D:3      | Reached skill level 1 in Armour
  2280 | D:3      | Reached XP level 4. HP: 23/32 MP: 6/6
  2634 | D:3      | Killed from afar by an orc priest

Illustrated notes

Levels and vault maps discovered:
D:1:      lemuel_arrival_rhombus, layout_loops_ring
D:2:      layout_loops_ring
D:3:      layout_basic, uniq_grinder, uniq_ijyb

Skill      XL: |  1  2  3 |
---------------+----------+-----
Short Blades   | 2 |  2.3
Armour         | 1 |  1.1
Fighting       | |  1.3
Dodging        | |  2.3
Stealth        | |  1.1
Evocations     | |  3.3

Action                   |  1- 3 |  4- 6 || total
-------------------------+-------+-------++-------
Melee: Short sword       |   143 |       ||   143
       Spear             |       |    20 ||    20
Evoke: Wand              |     3 |     1 ||     4
 Stab: Sleeping          |     3 |       ||     3
  Eat: Chunk             |     4 |     1 ||     5
Armor: Leather armour    |    27 |     9 ||    36
Dodge: Dodged            |    93 |    13 ||   106
